 Dungeon Sprint DCSS version 0.28-a0-906-g0406aca7d3 (webtiles) character file.

Game seed: 13069698134544695444

2738 Turgor the Severer (level 9, -4/93 HPs)
             Began as a Minotaur Berserker on Nov 23, 2021.
             Was a Priest of Trog.
             Succumbed to a redback's poison
             ... in the Dungeon (Sprint I: "Red Sonja").
             The game lasted 00:05:09 (910 turns).

Turgor the Severer (Minotaur Berserker)              Turns: 910, Time: 00:05:09

Health: -4/93      AC:  7    Str: 23    XL:     9   Next: 40%
Magic:  8/8        EV: 17    Int:  6    God:    Trog [***...]
Gold:   462        SH:  0    Dex: 10    Spells: 8/8 levels left

rFire   . . .      SeeInvis .   a - +0 hand axe
rCold   . . .      Faith    .   (no shield)
rNeg    . . .      Spirit   .   j - +0 ring mail
rPois   .          Reflect  .   (helmet restricted)
rElec   .          Harm     .   (no cloak)
rCorr   .          Rampage  .   (no gloves)
Will    .....      NoTele   +   (no boots)
Stlth   ..........              (no amulet)
HPRegen 0.25/turn               l - +4 ring of evasion
MPRegen 0.11/turn               (no ring)

@: lethally poisoned (-4 -> -34)
A: horns 2, retaliatory headbutt
a: Renounce Religion, Berserk, Trog's Hand


You were in the Dungeon.
You worshipped Trog.
Trog was most pleased with you.
You visited 1 branch You collected 462 gold pieces.

Inventory:

Hand Weapons
 a - a +0 hand axe (weapon)
Armour
 b - a +0 animal skin
 j - a +0 ring mail (worn)
Jewellery
 l - a +4 ring of evasion (left hand)
Scrolls
 h - a scroll of blinking
 m - a scroll of identify {unknown}
 n - a scroll of brand weapon {unknown}
Potions
 e - a potion of haste
 f - 2 potions of magic
 g - a potion of berserk rage
 i - a potion of flight {unknown}
 k - a potion of brilliance {unknown}


   Skills:
 + Level 13.2 Fighting
 * Level 18.0 Axes
 + Level 12.9 Armour
 - Level 6.0 Dodging


You had 8 spell levels left.
You didn't know any spells.
Your spell library was empty.

Dungeon Overview and Level Annotations

Branches:
Dungeon (1/1)

Altars:
Cheibriados
Dithmenos
Elyvilon
Fedhas
Gozag
Hepliaklqana
Kikubaaqudgha
Makhleb
Nemelex Xobeh
Okawaru
Qazlal
Ru
Sif Muna
Trog
Uskayaw
Vehumet
Wu Jian
Xom
Yredelemnul
Zin
The Shining One
Jiyva
Lugonu

Shops:
D [


Innate Abilities, Weirdness & Mutations

You have a pair of horns on your head.
You reflexively headbutt those who attack you in melee.


Message History

You now have 462 gold pieces (gained 27).
You feel very sick.
A redback comes into view.
You feel very sick. The redback closely misses you.
You slash the redback! Your headbutt misses the redback.
The redback is heavily wounded.
You feel sick. The redback bites you!
You are lethally poisoned!
The redback poisons you!
You hit the redback but do no damage. You headbutt the redback!
The redback is almost dead.
You feel very sick. The redback bites you!
* * * LOW HITPOINT WARNING * * *
You are more poisoned.
The redback poisons you!
You feel better. The redback bites you!
* * * LOW HITPOINT WARNING * * *
You are lethally poisoned!
The redback poisons you! The redback bites you.
* * * LOW HITPOINT WARNING * * *
You are more poisoned.
The redback poisons you!
You slash the redback!
You kill the redback!
Trog accepts your kill.
* * * LOW HITPOINT WARNING * * *
You feel extremely sick.
Your Axes skill increases to level 18!
Unknown command.
You feel much better.
* * * LOW HITPOINT WARNING * * *
You feel extremely sick.
* * * LOW HITPOINT WARNING * * *
You feel extremely sick.
* * * LOW HITPOINT WARNING * * *
You feel extremely sick.
You see here 27 gold pieces.
You die...

').#..'..+
#####'#__####
#...#.####§.####
#..##.#≈≈≈.§#§§#
##'#_))§§§§.§§.#
.'..._#≈≈≈§§#§§#
##_.#'##§#####§###
###+#)#....# #.†$#
# ####+### ###@#
#.# #$# #§# +§#
#§# §#


There were no monsters in sight!

Vanquished Creatures
  2 centaur warriors (D)
  An oklob plant (D)
  A hornet (D)
  A slime creature (D)
  2 redbacks (D)
  Sigmund (D)
  A yak (D)
  An ogre (D)
  A jelly (D)
  Ijyb (D)
12 creatures vanquished.

Notes
Turn   | Place    | Note
-------+----------+-------------------------------------------
     0 | D        | Turgor the Minotaur Berserker began the quest for the Orb.
     0 | D        | Reached XP level 1. HP: 19/19 MP: 0/0
     1 | D        | Noticed Ijyb
     5 | D        | Killed Ijyb
     6 | D        | Reached skill level 5 in Axes
     6 | D        | Reached XP level 2. HP: 28/28 MP: 1/1
    49 | D        | Noticed an ogre
    53 | D        | Killed an ogre
    54 | D        | Reached skill level 7 in Axes
    54 | D        | Reached skill level 5 in Armour
    54 | D        | Reached XP level 3. HP: 37/37 MP: 2/2
    54 | D        | Reached XP level 4. HP: 44/44 MP: 3/3
    99 | D        | Noticed Sigmund
   108 | D        | Killed Sigmund
   108 | D        | Reached ** piety under Trog
   109 | D        | Reached skill level 10 in Axes
   109 | D        | Reached XP level 5. HP: 52/52 MP: 4/4
   109 | D        | Reached XP level 6. HP: 60/60 MP: 5/5
   149 | D        | Found an ornate altar of the Wu Jian Council.
   149 | D        | Found a shimmering blue altar of Sif Muna.
   151 | D        | Found a radiant altar of Vehumet.
   156 | D        | Found a viscous altar of Jiyva.
   156 | D        | Found a corrupted altar of Lugonu.
   156 | D        | Noticed a slime creature
   157 | D        | Found a burning altar of Makhleb.
   157 | D        | Found a shimmering altar of Xom.
   162 | D        | Killed a slime creature
   163 | D        | Reached skill level 12 in Axes
   198 | D        | Found Gistig's Armour Emporium.
   198 | D        | Found an ancient bone altar of Kikubaaqudgha.
   198 | D        | Found a hazy altar of Hepliaklqana.
   198 | D        | Found a stormy altar of Qazlal.
   198 | D        | Found a hide-covered altar of Uskayaw.
   198 | D        | Found a blossoming altar of Fedhas.
   198 | D        | Found a bloodstained altar of Trog.
   198 | D        | Found an iron altar of Okawaru.
   198 | D        | Found a basalt altar of Yredelemnul.
   198 | D        | Found a glowing golden altar of the Shining One.
   198 | D        | Found a snail-covered altar of Cheibriados.
   198 | D        | Found a sacrificial altar of Ru.
   198 | D        | Found a glowing silver altar of Zin.
   198 | D        | Found a shadowy altar of Dithmenos.
   198 | D        | Found a white marble altar of Elyvilon.
   198 | D        | Noticed a yak
   206 | D        | Killed a yak
   207 | D        | Reached skill level 13 in Axes
   207 | D        | Reached XP level 7. HP: 57/70 MP: 6/6
   207 | D        | Found an opulent altar of Gozag.
   208 | D        | Found a sparkling altar of Nemelex Xobeh.
   267 | D        | Noticed a centaur warrior
   268 | D        | Noticed a centaur warrior
   281 | D        | Killed a centaur warrior
   282 | D        | Reached skill level 15 in Axes
   282 | D        | Reached skill level 10 in Armour
   282 | D        | Reached XP level 8. HP: 63/82 MP: 7/7
   286 | D        | Killed a centaur warrior
   286 | D        | Reached *** piety under Trog
   287 | D        | Reached skill level 16 in Axes
   398 | D        | Noticed a hornet
   401 | D        | Killed a hornet
   402 | D        | Reached XP level 9. HP: 90/90 MP: 8/8
   405 | D        | Noticed an oklob plant
   742 | D        | Killed an oklob plant
   743 | D        | Reached skill level 17 in Axes
   907 | D        | Reached skill level 18 in Axes
   909 | D        | HP: 3/93 [poisoned by a redback]
   910 | D        | Succumbed to a redback's poison

Illustrated notes

Levels and vault maps discovered:
D:        dungeon_sprint_1 [red_sonja_temple_1, red_sonja_temple_small_1]

Skill      XL: |  1  2  3  4  5  6  7  8  9 |
---------------+----------------------------+-----
Fighting       | 4 6 7 9 11 12 13 | 13.2
Axes           | 5 7 10 13 15 16 18 | 18.0
Armour         | 3 5 7 9 10 12 | 12.9
Dodging        | 3 4 6 |  6.0

Action                   |  1- 3 |  4- 6 |  7- 9 || total
-------------------------+-------+-------+-------++-------
Melee: Hand axe          |     5 |    22 |    57 ||    84
       Headbutt          |     1 |     6 |    20 ||    27
Invok: Berserk           |     2 |     2 |     3 ||     7
       Trog's Hand       |       |       |     1 ||     1
  Use: Potion            |       |       |     2 ||     2
Armor: Ring mail         |       |     3 |     6 ||     9
Dodge: Dodged            |     2 |     5 |    11 ||    18

Table legend: (Time is in decaauts)
 A = Elapsed time spent in this place.
 B = Non-inter-level travel time spent in this place.
 C = Inter-level travel time spent in this place.
 D = Time resting spent in this place.
 E = Time spent auto-exploring this place.
 F = Levels seen in this place.
 G = Mean time per level.
                   A        B        C        D        E       F      G
               +--------+--------+--------+--------+--------+-----+--------+
         Total |    950 |    950 |      0 |    721 |      0 |   1 |  950.0 |
       Dungeon |    950 |    950 |      0 |    721 |      0 |   1 |  950.0 |
               +--------+--------+--------+--------+--------+-----+--------+

Top non-repeatable levels by time:
       D: 950 daAuts
